 Dungeon Crawl Stone Soup version 0.27.1-2-g3b301248ec (webtiles) character file.

Game seed: 15289373588311387090

70581 pkoi the Brawler (level 14, -1/133 HPs)
             Began as a Troll Monk on Oct 4, 2021.
             Was the Champion of Dithmenos.
             Succumbed to a sea snake's poison
             ... on level 6 of the Lair of Beasts.
             The game lasted 00:20:11 (14497 turns).

pkoi the Brawler (Troll Monk)                      Turns: 14497, Time: 00:20:11

Health: -1/133     AC: 13    Str: 26    XL:     14   Next: 94%
Magic:  26/26      EV: 13    Int: 11    God:    Dithmenos [******]
Gold:   1094       SH:  0    Dex: 12    Spells: 16/17 levels left

rFire    + . .     SeeInvis .     - Unarmed
rCold    + . .     Faith    .   (no shield)
rNeg     . . .     Spirit   .   M - +0 troll leather armour
rPois    .         Reflect  .   J - +3 hat of Pondering {ponderous, Will+ MP+10 Int+5}
rElec    .         Harm     .   g - scarf {rC+ rF+}
rCorr    .         Rampage  .   (gloves unavailable)
Will     +++..                  (boots unavailable)
Stlth    +++.......             (no amulet)
HPRegen  2.32/turn              f - ring of willpower
MPRegen  0.20/turn              q - +4 ring of protection

@: lethally poisoned (-1 -> -23), about to teleport, frozen, wreathed by umbra,
studying Spellcasting, very slow
A: large, unfitting armour, claws 3, regeneration 1, shaggy fur 1, tough skin 1
a: Renounce Religion, Shadow Step, Shadow Form


You were on level 6 of the Lair of Beasts.
You worshipped Dithmenos.
Dithmenos was exalted by your worship.
You visited 3 branches of the dungeon, and saw 18 of its levels.

You collected 1094 gold pieces.

Inventory:

Missiles
 i - 12 boomerangs
 s - 18 poisoned darts
 C - 3 throwing nets
 L - 11 large rocks (quivered)
Armour
 a - a +1 robe
 g - a scarf of resistance (worn)
 J - the +3 hat of Pondering (worn) {ponderous, Will+ MP+10 Int+5}
   (You took it off Gastronok on level 10 of the Dungeon)

   Int:       It affects your intelligence (+5).
   MP:        It affects your magic capacity (+10).
   Will:      It increases your willpower.
 M - a +0 troll leather armour (worn)
Jewellery
 f - a ring of willpower (left claw)
 q - a +4 ring of protection (right claw)
 v - a ring of positive energy
 w - a ring of protection from cold
 D - a ring of poison resistance
 H - a ring of fire
 N - a ring of willpower
Wands
 h - a wand of polymorph (6)
 t - a wand of acid (13)
 y - a wand of iceblast (23)
 B - a wand of mindburst (10)
 F - a wand of digging (6)
 K - a wand of paralysis (23)
Scrolls
 c - 5 scrolls of teleportation
 o - 6 scrolls of amnesia
 p - 3 scrolls of brand weapon
 r - 2 scrolls of fear
 u - 3 scrolls of enchant armour
 E - a scroll of silence
 I - a scroll of enchant weapon
Potions
 b - 3 potions of magic
 e - 4 potions of brilliance
 j - 5 potions of flight
 k - 3 potions of might
 l - 2 potions of ambrosia
 m - 4 potions of curing
 n - 2 potions of cancellation
 x - a potion of invisibility
 A - 4 potions of heal wounds
 O - a potion of haste
 Q - a potion of resistance
Miscellaneous
 d - a phantom mirror


   Skills:
 - Level 7.4 Fighting
 + Level 8.5 Throwing
 + Level 4.4 Armour
 + Level 10.9 Dodging
 + Level 3.5 Stealth
 * Level 16.3 Unarmed Combat
 + Level 2.1 Spellcasting
 - Level 2.5 Invocations
 - Level 1.9 Evocations


You had 16 spell levels left.
You knew the following spells:

 Your Spells              Type           Power      Damage    Failure   Level
a - Apportation           Tloc           2%         N/A       32%         1

Your spell library contained the following spells:

 Spells                   Type           Power      Damage    Failure   Level
 Animate Skeleton         Necr           2%         N/A       32%         1
 Corona                   Hex            1%         N/A       32%         1
 Magic Dart               Conj           4%         1d3       32%         1
 Pain                     Necr           4%         1d4       32%         1
 Shock                    Conj/Air       4%         1d3       32%         1
 Sting                    Tmut/Pois      4%         1d3       32%         1
 Summon Small Mammal      Summ           4%         N/A       32%         1
 Blink                    Tloc           N/A        N/A       43%         2
 Ensorcelled Hibernation  Hex/Ice        2%         N/A       43%         2
 Poisonous Vapours        Pois/Air       2%         N/A       43%         2
 Searing Ray              Conj           2%         3d3       43%         2
 Slow                     Hex            1%         N/A       43%         2
 Confusing Touch          Hex            1%         N/A       67%         3
 Ignite Poison            Fire/Tmut/Pois 1%         N/A       67%         3
 Mephitic Cloud           Conj/Pois/Air  1%         N/A       67%         3
 Spider Form              Tmut/Pois      0%         N/A       67%         3
 Teleport Other           Tloc           1%         N/A       67%         3
 Vampiric Draining        Necr           0%         2d6       67%         3
 Airstrike                Air            0%         N/A       97%         4
 Fulminant Prism          Conj/Hex       0%         3d6       97%         4
 Hailstorm                Conj/Ice       1%         3d3       97%         4
 Ice Form                 Ice/Tmut       1%         N/A       97%         4
 Olgreb's Toxic Radiance  Pois           1%         N/A       97%         4
 Summon Lightning Spire   Summ/Air       1%         N/A       97%         4
 Bolt of Magma            Conj/Fire/Erth 0%         4d4       100%        5
 Lightning Bolt           Conj/Air       0%         1d11      100%        5
 Yara's Violent Unravell  Hex/Tmut       0%         3d3       100%        5
 Dispersal                Tloc           0%         N/A       100%        6
 Shadow Creatures         Summ           N/A        N/A       100%        6
 Simulacrum               Ice/Necr       0%         N/A       100%        6
 Borgnjor's Revivificati  Necr           0%         N/A       100%        8
 Disjunction              Tloc           0%         N/A       100%        8
 Necromutation            Tmut/Necr      0%         N/A       100%        8
 Death's Door             Necr           0%         N/A       100%        9


Dungeon Overview and Level Annotations

Branches:
Dungeon (11/15)            Temple (1/1) D:7            Lair (6/6) D:9
  Swamp (0/4) Lair:4        Snake (0/4) Lair:3        Slime (0/5) Lair:5
    Orc (0/2) D:11

Altars:
Ashenzari
Cheibriados
Dithmenos
Elyvilon
Fedhas
Gozag
Hepliaklqana
Kikubaaqudgha
Makhleb
Nemelex Xobeh
Okawaru
Qazlal
Ru
Sif Muna
Trog
Uskayaw
Vehumet
Wu Jian
Xom
Yredelemnul
Zin
The Shining One
Beogh

Annotations:
D:9 3 runed translucent doors, exclusion: obsidian statue, ZARRMARR's ghost, journeyman OpCj
D:10 2 transporters, a11behringer's ghost, novice MiFi
Lair:2 exclusion: oklob plant
Lair:5 2 runed translucent doors, GravelGoth's ghost, journeyman MiFi


Innate Abilities, Weirdness & Mutations

You are too large for most types of armour.
You have claws for hands.
Your natural rate of healing is unusually fast.
You are covered in fur. (AC +1)
You have tough skin. (AC +1)


Message History

Your shadow hits the sea snake.
You feel extremely sick. The sea snake closely misses you.
You mangle the sea snake!!
The sea snake is severely wounded.
You feel extremely sick.
You claw the sea snake! Your claw misses the sea snake.
The sea snake is almost dead.
You feel extremely sick. The sea snake bites you!
* * * LOW HITPOINT WARNING * * *
You are lethally poisoned!
The sea snake poisons you!
You closely miss the sea snake.
The sea snake is almost dead.
You hear the faint crackling of a very distant melting archway.
You hear the brisk rumble of an avalanche of rocks very nearby.
* * * LOW HITPOINT WARNING * * *
You feel extremely sick.
The sea snake bites you but does no damage.
You miss the sea snake. You claw the sea snake!
You kill the sea snake!
Dithmenos accepts your kill.
* * * LOW HITPOINT WARNING * * *
You feel extremely sick. The rime drake breathes ice at you.
The flash freeze hits you! You partially resist.
* * * LOW HITPOINT WARNING * * *
You are encased in ice.
You feel much better.
* * * LOW HITPOINT WARNING * * *
You feel extremely sick. The blink frog closely misses you.
As you read the scroll of teleportation, it crumbles to dust.
You feel strangely unstable.
* * * LOW HITPOINT WARNING * * *
You feel extremely sick. The blink frog closely misses you.
You miss the blink frog.
You die...

........... ##.........
#.....P..# #P......##
#..†...P# #.#l# ##### ###
#.k# ####P..# #..#######
###F###......#
#...#.#.#####..@.P......##
##.....#.#.#....P...P....#
#...<...........#####^...###
##......#.##..###.##.......#
###...###...####..#..........
#......†...............#....
###...P..P##.P.##......##...
####P.#######..P....}.####
###.# #......#.#


You could see a komodo dragon, a blink frog and a rime drake.

Vanquished Creatures
  Gastronok (D:10)
  2 boulder beetles
  5 hydras
  Harold (D:8)
  Erica (D:8)
  5 death yaks (Lair:5)
  3 skeletal warriors (D:10)
  A sea snake (Lair:6)
  A harpy (Lair:6)
  An orc knight (D:10)
  A cyclops (D:11)
  12 elephants
  3 black mambas
  A torpor snail (Lair:2)
  8 cane toads
  An unseen horror (D:10)
  10 komodo dragons
  2 trolls
  2 polar bears (Lair:4)
  2 hornets (Lair:6)
  4 dream sheep (Lair:5)
  15 blink frogs
  2 wraiths
  2 shadows
  2 wyverns
  2 basilisks
  21 yaks
  3 vampire mosquitoes (D:11)
  An acid dragon (D:11)
  16 water moccasins
  2 swamp worms (D:9)
  Duvessa (D:7)
  5 orc warriors
  4 sky beasts
  An ice beast (D:8)
  2 black bears (Lair:4)
  A hornet zombie (D:5)
  4 ogres
  A necrophage (D:7)
  18 wolves
  5 centaurs
  22 bullfrogs
  5 scorpions
  Dowan (D:7)
  A water moccasin skeleton (D:5)
  14 killer bees
  5 wights (D:8)
  5 electric eels
  4 howler monkeys
  A bullfrog zombie (D:7)
  6 jellies
  3 centaur zombies
  A bullfrog skeleton (D:4)
  A gnoll shaman (D:5)
  5 orc priests
  7 hounds
  2 iguanas
  11 orc wizards
  7 hell rats (Lair:4)
  A killer bee zombie (D:6)
  A hound zombie (D:5)
  A hound skeleton (D:4)
  9 adders
  7 gnolls
  A howler monkey skeleton (D:6)
  6 river rats (D:5)
  A shadow imp (D:7)
  2 white imps
  4 ufetubi
  A worm (D:2)
  3 dart slugs
  37 orcs
  4 bats
  11 endoplasms
  A giant cockroach (D:1)
  9 goblins
  8 hobgoblins
  4 jackals
  7 kobolds
  8 quokkas
  8 ball pythons
  A frilled lizard (D:3)
  20 rats
431 creatures vanquished.

Vanquished Creatures (others)
  A killer bee (D:9)
  27 fungi
  130 plants
158 creatures vanquished.

Grand Total: 589 creatures vanquished

Notes
Turn   | Place    | Note
-------+----------+-------------------------------------------
     0 | D:1      | pkoi the Troll Monk began the quest for the Orb.
     0 | D:1      | Reached XP level 1. HP: 22/22 MP: 0/0
   282 | D:1      | Reached XP level 2. HP: 25/29 MP: 1/1
   612 | D:1      | Found a faded altar of an unknown god.
   901 | D:1      | Reached skill level 4 in Unarmed Combat
  1093 | D:2      | Reached XP level 3. HP: 31/36 MP: 2/2
  1789 | D:2      | Reached skill level 5 in Unarmed Combat
  1789 | D:2      | Reached XP level 4. HP: 44/44 MP: 3/3
  2435 | D:3      | Noticed an ogre
  2442 | D:3      | Killed an ogre
  2443 | D:3      | Reached skill level 6 in Unarmed Combat
  2443 | D:3      | Reached XP level 5. HP: 50/50 MP: 4/4
  3015 | D:4      | Reached XP level 6. HP: 58/59 MP: 5/5
  3048 | D:4      | Reached skill level 7 in Unarmed Combat
  3086 | D:4      | Noticed a sky beast
  3101 | D:4      | Killed a sky beast
  3257 | D:5      | Entered Level 5 of the Dungeon
  3350 | D:5      | Reached skill level 8 in Unarmed Combat
  3350 | D:5      | Reached XP level 7. HP: 66/66 MP: 6/6
  3549 | D:5      | Found a radiant altar of Vehumet.
  3637 | D:5      | Reached skill level 9 in Unarmed Combat
  3652 | D:5      | Found a bloodstained altar of Trog.
  3934 | D:5      | Reached XP level 8. HP: 75/75 MP: 7/7
  4147 | D:5      | Found a glowing golden altar of the Shining One.
  4508 | D:6      | Reached skill level 1 in Throwing
  4537 | D:6      | Reached skill level 10 in Unarmed Combat
  4567 | D:6      | Found an ancient bone altar of Kikubaaqudgha.
  4567 | D:6      | Found a snail-covered altar of Cheibriados.
  4577 | D:6      | Found a broken altar of Ashenzari.
  4586 | D:6      | Found a blossoming altar of Fedhas.
  4588 | D:6      | Found a basalt altar of Yredelemnul.
  4786 | D:7      | Reached XP level 9. HP: 59/84 MP: 8/8
  4817 | D:7      | Found a staircase to the Ecumenical Temple.
  4842 | Temple   | Entered the Ecumenical Temple
  5049 | Temple   | Became a worshipper of Dithmenos the Shadowed
  5049 | Temple   | Reached * piety under Dithmenos
  5049 | Temple   | Reached ** piety under Dithmenos
  5294 | D:7      | Found a burning altar of Makhleb.
  5318 | D:7      | Found a stormy altar of Qazlal.
  5391 | D:7      | Noticed Duvessa
  5402 | D:7      | Killed Duvessa
  5405 | D:7      | Noticed Dowan
  5411 | D:7      | Killed Dowan
  5899 | D:8      | Noticed Erica
  5906 | D:8      | Killed Erica
  5907 | D:8      | Reached skill level 5 in Fighting
  5907 | D:8      | Reached skill level 5 in Dodging
  5907 | D:8      | Reached skill level 11 in Unarmed Combat
  5907 | D:8      | Noticed Harold
  5915 | D:8      | Killed Harold
  5916 | D:8      | Reached XP level 10. HP: 79/96 MP: 9/9
  6128 | D:8      | Reached *** piety under Dithmenos
  6348 | D:8      | Reached skill level 14 in Unarmed Combat
  6348 | D:8      | Reached XP level 11. HP: 104/104 MP: 10/10
  6349 | D:8      | Reached XP level 12. HP: 115/115 MP: 11/11
  6350 | D:8      | Reached XP level 13. HP: 123/123 MP: 12/12
  6529 | D:9      | Got the Handbook of Aerial Dislocation
  6639 | D:9      | Found a runed translucent gate.
  6639 | D:9      | Found a runed translucent gate.
  6639 | D:9      | Found a runed translucent gate.
  6727 | D:9      | Found an opulent altar of Gozag.
  6755 | D:9      | Noticed ZARRMARR's ghost (journeyman OpCj)
  7043 | D:9      | Found a staircase to the Lair.
  7075 | D:9      | Reached skill level 1 in Invocations
  7550 | D:10     | Entered Level 10 of the Dungeon
  7550 | D:10     | Found a transporter.
  7566 | D:10     | Found a white marble altar of Elyvilon.
  7603 | D:10     | Found a transporter.
  7608 | D:10     | Noticed a11behringer's ghost (novice MiFi)
  8011 | D:10     | Noticed Gastronok
  8024 | D:10     | Killed Gastronok
  8025 | D:10     | Reached skill level 1 in Evocations
  8299 | D:10     | Found an ornate altar of the Wu Jian Council.
  8541 | D:10     | Reached skill level 10 in Dodging
  8815 | D:11     | Learned a level 1 spell: Apportation
  9063 | D:11     | Reached **** piety under Dithmenos
  9118 | D:11     | Found a staircase to the Orcish Mines.
  9857 | Lair:1   | Entered Level 1 of the Lair of Beasts
  9933 | Lair:1   | Reached skill level 15 in Unarmed Combat
 10020 | Lair:1   | Reached skill level 1 in Armour
 10141 | Lair:1   | Reached XP level 14. HP: 125/133 MP: 14/14
 10142 | Lair:1   | Reached ***** piety under Dithmenos
 11723 | Lair:3   | Found a snail-covered altar of Cheibriados.
 11994 | Lair:3   | Found a staircase to the Snake Pit.
 12751 | Lair:4   | Found a staircase to the Swamp.
 12971 | Lair:4   | Identified a scroll of acquirement
 12971 | Lair:4   | Acquired a manual of Spellcasting
 13012 | Lair:4   | Reached skill level 16 in Unarmed Combat
 13386 | Lair:5   | Found a large runed translucent door.
 13387 | Lair:5   | Found a large runed translucent door.
 13389 | Lair:5   | Noticed GravelGoth's ghost (journeyman MiFi)
 13502 | Lair:5   | Reached skill level 1 in Spellcasting
 13564 | Lair:5   | Found a staircase to the Slime Pits.
 13662 | Lair:5   | Reached ****** piety under Dithmenos
 14297 | Lair:6   | Entered Level 6 of the Lair of Beasts
 14418 | Lair:6   | Paralysed by a hornet for 3 turns
 14494 | Lair:6   | HP: 3/133 [rime drake/flash freeze (11)]
 14497 | Lair:6   | Succumbed to a sea snake's poison

Illustrated notes

Levels and vault maps discovered:
D:1:      psy_arrival_fountain, layout_basic, ebering_ecumenical_altar_hall,
          chequers_serial_rivers_room_b
D:2:      layout_basic
D:3:      minmay_chambers_of_threes, layout_basic, minmay_parallelograms
D:4:      layout_cave_pools, minmay_misc_feat_five, kennysheep_cross_room
D:5:      lemuel_ratsnest, layout_basic, mainiacjoe_overflow_cross_hatched,
          tso_altar, amcnicky_altar_gilded
D:6:      layout_rooms, nicolae_gozag_cash_rules_everything_around_me,
          chequers_temple_overflow_minitemple, grunt_tough_drop
D:7:      layout_basic, grunt_qazlal_clouds, makhleb_grotto_becter,
          minmay_temple_entry_grid, serial_curves, eino_curves_01,
          eino_curves_02, uniq_duvessa
D:8:      layout_basic, uniq_erica, uniq_harold
D:9:      layout_stronghold, erik_lair_island, ebering_ghost_gozag,
          minmay_variable_closet, worms_lemuel
D:10:     layout_grid_maze, mainiacjoe_overflow_brackets, lemuel_doored_altar,
          gammafunk_ghost_stat_death, hangedman_decor_points, uniq_gastronok
D:11:     layout_loops_corners, david_orc_5
Temple:   compressed_dpeg_triangle_lava_temple
Lair:1:   layout_cave_pods, guppyfry_lair_drakes
Lair:2:   minmay_lair_oklob_tunnel, layout_gridlike, serial_bayou,
          serial_bayou_pond_c, serial_bayou_crossing, serial_bayou_pond_c,
          serial_bayou_lagoon_a
Lair:3:   wad_woods_stonehenge, layout_small_grid, dummy_snake_entry
Lair:4:   layout_roguey, swamp_mist, minmay_hedge_maze,
          gammafunk_lair_bear_cave, serial_bayou_shore_b
Lair:5:   layout_roguey, nicolae_slime_entry_slimehenge,
          ebering_ghost_disaster_area, kennysheep_catoblepas_arena
Lair:6:   gammafunk_lair_ancient_temple, layout_misc_corridors,
          lightli_volcano_entry_magma_tube,
          portal_ice_cave_entry_animals_and_master, lemuel_fruit_tree

Skill      XL: |  1  2  3  4  5  6  7  8  9 10 11 12 13 14 |
---------------+-------------------------------------------+-----
Unarmed Combat | 4 5 6 8 9 10 11 14 15 16 | 16.3
Fighting       | 3 4 5 6 7 |  7.4
Dodging        | 3 4 5 6 9 10 | 10.9
Throwing       | 1 3 4 6 7 8 |  8.5
Stealth        | 2 3 |  3.5
Invocations    | 2 |  2.5
Evocations     | 1 |  1.9
Armour         | 1 4 |  4.4
Spellcasting   | 2 |  2.1

Action                   |  1- 3 |  4- 6 |  7- 9 | 10-12 | 13-15 || total
-------------------------+-------+-------+-------+-------+-------++-------
Melee: Unarmed           |    95 |   111 |   253 |    53 |   746 ||  1258
       Punch             |       |     2 |    14 |     3 |    62 ||    81
Throw: Boomerang         |       |       |       |       |    19 ||    19
       Large rock        |       |       |       |       |     9 ||     9
  Use: Scroll            |       |     7 |       |     9 |    13 ||    29
       Potion            |       |       |       |     3 |     3 ||     6
 Stab: Sleeping          |     6 |     3 |     1 |       |    16 ||    26
       Distracted        |       |       |       |       |     1 ||     1
Armor: Robe              |    19 |    46 |    70 |    11 |    48 ||   194
       Troll leather arm |       |       |       |       |   165 ||   165
Dodge: Dodged            |    43 |    40 |   133 |    25 |   506 ||   747
